 Dungeon Crawl Stone Soup version 0.24.0-37-gcf1ca852f1 (webtiles) character file.

Game seed: 11530156850735545721, levelgen mode: deterministic

432 Mesmaeker13 the Ruffian (level 6, -13/139 HPs)
             Began as a Troll Monk on Dec 5, 2019.
             Mangled by an orc
             ... wielding a +0 dagger of electrocution
              (20 damage)
             ... on level 4 of the Dungeon.
             The game lasted 00:03:56 (2693 turns).

Mesmaeker13 the Ruffian (Troll Monk)                Turns: 2693, Time: 00:03:57

Health: -13/139    AC: 23    Str: 25    XL:     6   Next: 67%
Magic:  5/5        EV:  1    Int:  7    God:
Gold:   197        SH:  0    Dex: 13    Spells: 5/5 levels left

rFire    . . .     SeeInvis +     - Unarmed
rCold    . . .     Gourm    +   (no shield)
rNeg     + + +     Faith    .   (armour currently unavailable)
rPois    +         Spirit   .   (helmet currently unavailable)
rElec    .         Reflect  .   (cloak currently unavailable)
rCorr    .         Harm     .   (gloves unavailable)
MR       .....     NoTele   +   (boots unavailable)
Stlth    ..........             (no amulet)
HPRegen  0.73/turn              n - ring of see invisible
MPRegen  0.09/turn              (no ring)

@: berserking, tree-form, hasted, very quick
A: large, unfitting armour, fast metabolism 3, gourmand, regeneration 1
a: no special abilities


You were on level 4 of the Dungeon.
You were completely stuffed.
You were a tree.
You visited 1 branch of the dungeon, and saw 4 of its levels.

You collected 197 gold pieces.

Inventory:

Missiles
 j - 15 poisoned darts (quivered)
Armour
 h - a +1 robe of positive energy (melded)
Jewellery
 n - a ring of see invisible (left branch)
 o - a +3 amulet of reflection
Scrolls
 f - 2 scrolls of identify
 i - a scroll of teleportation {unknown}
 k - a scroll of fear {unknown}
 l - a scroll of remove curse
 p - a scroll of immolation {unknown}
 q - 3 scrolls of enchant armour {unknown}
 s - a scroll of noise {unknown}
Potions
 d - a potion of haste
 e - 3 potions of lignification
 m - a potion of degeneration {unknown}
Comestibles
 b - 8 rations
 r - 8 chunks of flesh


   Skills:
 + Level 4.1 Fighting
 + Level 4.1 Dodging
 - Level 1.0 Stealth
 + Level 5.0 Unarmed Combat


You had 5 spell levels left.
You didn't know any spells.
Your spell library was empty.

Dungeon Overview and Level Annotations

Branches:
Dungeon (4/15)
 Temple: D:4-7

Altars:
Gozag
Makhleb

Annotations:
D:3 3 runed translucent doors, gargbit's ghost, amateur GrBe


Innate Abilities, Weirdness & Mutations

You are too large for most types of armour.
((You have claws for hands.))
Your metabolism is lightning-fast.
You like to eat raw meat.
Your natural rate of healing is unusually fast.
((You are covered in fur. (AC +1)))
((You have extremely tough skin. (AC +3)))
((You have large cloven feet.))
((You have a pair of small horns on your head.))
((You can translocate small distances at will.))


Message History

A red film seems to cover your vision as you go berserk!
You feel yourself moving faster!
You feel mighty!
The worker ant bites you but does no damage.
The orc hits you but does no damage.
You are electrocuted!
* * * LOW HITPOINT WARNING * * *
The orc hits you but does no damage.
You smack the worker ant!
The worker ant is severely wounded.
The worker ant bites you but does no damage.
The orc hits you but does no damage. x2
You closely miss the worker ant.
The worker ant is severely wounded.
The worker ant bites you but does no damage.
You pummel the worker ant!!
You kill the worker ant!
Your Unarmed Combat skill increases to level 5!
The orc hits you but does no damage. x2
You barely miss the orc. The orc hits you but does no damage.
You are electrocuted!!
You die...

#...# #.# #####
#.### ####
##.$.# ..>..
#....# .....
#...?#
.....>#....#
......#....#
......†....#
......o♣...#
......#)o$..#
#....##........
...## #........
#. .##
#........ ..
######... ..
... .. .# ##


You could see 2 orcs.

Vanquished Creatures
  An ogre (D:3)
  4 orc priests
  2 orc wizards (D:4)
  Jessica (D:2)
  2 worker ants (D:4)
  2 adders (D:3)
  An ooze (D:3)
  An adder skeleton (D:4)
  A dart slug (D:2)
  A leopard gecko (D:1)
  17 orcs
  5 bats
  5 giant cockroaches
  8 goblins
  4 hobgoblins
  3 jackals (D:1)
  A quokka (D:4)
  A ball python (D:2)
  A frilled lizard (D:1)
  3 kobolds (D:3)
  6 rats
70 creatures vanquished.

Vanquished Creatures (others)
  A quokka (D:4)
1 creature vanquished.

Grand Total: 71 creatures vanquished

Notes
Turn   | Place    | Note
-------+----------+-------------------------------------------
     0 | D:1      | Mesmaeker13 the Troll Monk began the quest for the Orb.
     0 | D:1      | Reached XP level 1. HP: 22/22 MP: 0/0
   167 | D:1      | Reached XP level 2. HP: 29/29 MP: 1/1
   923 | D:2      | Noticed Jessica
   935 | D:2      | Killed Jessica
   935 | D:2      | Reached XP level 3. HP: 8/36 MP: 2/2
  1408 | D:2      | Found a burning altar of Makhleb.
  1640 | D:3      | Reached XP level 4. HP: 45/45 MP: 3/3
  1669 | D:3      | Reached skill level 4 in Unarmed Combat
  1841 | D:3      | Found a runed translucent gate.
  1842 | D:3      | Found a runed translucent gate.
  1843 | D:3      | Found a runed translucent gate.
  1844 | D:3      | Found an opulent altar of Gozag.
  1845 | D:3      | Noticed an orc warrior
  1845 | D:3      | Noticed gargbit's ghost (amateur GrBe)
  1894 | D:3      | Reached XP level 5. HP: 53/53 MP: 4/4
  2521 | D:4      | Noticed an ogre
  2545 | D:4      | Reached XP level 6. HP: 41/62 MP: 5/5
  2688 | D:4      | Gained mutation: You can translocate small distances at
                  | will. [potion of mutation]
  2688 | D:4      | Gained mutation: You have a pair of small horns on your
                  | head. [potion of mutation]
  2688 | D:4      | Gained mutation: You have large cloven feet. [potion of
                  | mutation]
  2689 | D:4      | HP: 5/139 [orc/+0 dagger of electrocution (12)]
  2692 | D:4      | Reached skill level 5 in Unarmed Combat
  2693 | D:4      | Mangled by an orc

Levels and vault maps discovered:
D:1:      roderic_chinese_lattice_arrival, layout_loops_corners,
          kennysheep_pointless_box
D:2:      layout_basic, lightli_temple_of_fire, kennysheep_decorative_pillar,
          uniq_jessica
D:3:      layout_basic, ebering_ghost_gozag, serial_bayou_ford_a
D:4:      layout_rooms, elyvilon_altar_4, uniq_crazy_yiuf_cottage, uniq_duvessa

Skill      XL: |  1  2  3  4  5  6 |
---------------+-------------------+-----
Fighting       | 3 4 |  4.1
Dodging        | 3 4 |  4.1
Unarmed Combat | 4 5 |  5.0
Stealth        | |  1.0

Action                   |  1- 3 |  4- 6 || total
-------------------------+-------+-------++-------
Melee: Unarmed           |    75 |   111 ||   186
       Punch             |       |     2 ||     2
  Use: Scroll            |       |     1 ||     1
       Potion            |       |     5 ||     5
 Stab: Sleeping          |     1 |       ||     1
  Eat: Chunk             |    16 |    14 ||    30
Armor: Robe              |    33 |    55 ||    88
       Skin              |       |    18 ||    18
Dodge: Dodged            |    45 |    88 ||   133
